 Dungeon Crawl Stone Soup version 0.28-a0-10-g964c8b829e (webtiles) character file.

Game seed: 6686968990132712675

2079 tatocazan the Covered (level 9, -3/79 HPs)
             Began as a Minotaur Fighter on July 25, 2021.
             Was a Priest of Okawaru.
             Killed by divine providence
             ... invoked by an orc priest
              (13 damage)
             ... on level 6 of the Dungeon.
             The game lasted 00:08:14 (5751 turns).

tatocazan the Covered (Minotaur Fighter)            Turns: 5751, Time: 00:08:15

Health: -3/79      AC: 15    Str: 24    XL:     9   Next: 6%
Magic:  11/11      EV:  5    Int:  5    God:    Okawaru [***...]
Gold:   252        SH: 11    Dex: 10    Spells: 8/8 levels left

rFire   . . .      SeeInvis .   a - +0 war axe
rCold   . . .      Faith    .   c - +0 kite shield
rNeg    . . .      Spirit   .   d - +1 plate armour
rPois   +          Reflect  .   (helmet restricted)
rElec   .          Harm     .   w - +0 cloak
rCorr   +          Rampage  .   (no gloves)
Will    .....                   (no boots)
Stlth   ..........              (no amulet)
HPRegen 0.23/turn               f - ring of poison resistance
MPRegen 0.12/turn               n - ring of resist corrosion

@: lethally poisoned (-3 -> -6)
A: horns 2, retaliatory headbutt
a: Renounce Religion, Heroism


You were on level 6 of the Dungeon.
You worshipped Okawaru.
Okawaru was most pleased with you.
You visited 1 branch of the dungeon, and saw 6 of its levels.

You collected 252 gold pieces.

Inventory:

Hand Weapons
 a - a +0 war axe (weapon)
Missiles
 h - 2 curare-tipped darts (quivered)
Armour
 b - a +0 scale mail
 c - a +0 kite shield (worn)
 d - a +1 plate armour (worn)
 o - a +0 chain mail
 w - a +0 cloak (worn)
Jewellery
 f - a ring of poison resistance (left hand)
 k - a ring of wizardry
 n - a ring of resist corrosion (right hand)
Wands
 q - a wand of iceblast (5)
Scrolls
 e - a scroll of identify
 g - a scroll of noise
 p - a scroll of enchant armour
 s - 2 scrolls of fear
Potions
 i - 2 potions of mutation {unknown}
 j - 3 potions of curing {unknown}
 l - 2 potions of lignification {unknown}
 m - 2 potions of haste
 r - a potion of resistance
 u - 2 potions of ambrosia {unknown}
 v - a potion of flight {unknown}
 x - 2 potions of invisibility {unknown}
 z - a potion of brilliance {unknown}


   Skills:
 + Level 7.4 Fighting
 + Level 6.8 Axes
 + Level 7.4 Armour
 + Level 7.3 Shields
 + Level 4.8 Invocations


You had 8 spell levels left.
You didn't know any spells.
Your spell library contained the following spells:

 Spells                   Type           Power      Damage    Failure   Level
 Slow                     Hex            0%         N/A       100%        2
 Sublimation of Blood     Necr           0%         N/A       100%        2
 Confusing Touch          Hex            0%         N/A       100%        3
 Vampiric Draining        Necr           0%         2d6       100%        3
 Petrify                  Tmut/Erth      0%         N/A       100%        4
 Irradiate                Conj/Tmut      0%         3d13      100%        5


Dungeon Overview and Level Annotations

Branches:
Dungeon (6/15)             Temple (0/1) D:6

Altars:
Dithmenos
Makhleb
Okawaru
Sif Muna
Trog
Xom

Annotations:
D:6 1 transporter


Innate Abilities, Weirdness & Mutations

You have a pair of horns on your head.
You reflexively headbutt those who attack you in melee.


Message History

You kill Blork the orc!
Okawaru accepts your kill.
You hit something.
You feel less confused. Something hits you but does no damage.
You hear some strange, mumbled words.
A puff of flame appears from out of thin air!
The puff of flame misses you.
The orc throws a boomerang.
The boomerang closely misses you.
The kobold throws a poisoned dart.
The poisoned dart hits you!
You are poisoned.
Things that are here:
a +0 mace; a +0 robe; the orc corpse of Blork the orc You miss something.
Your headbutt misses something.
You feel very sick.
You hear some strange, mumbled words.
A magic dart appears from out of thin air!
The magic dart hits you!
* * * LOW HITPOINT WARNING * * *
You take 10 damage, and have 17/79 hp.
You miss something. You headbutt something! Okawaru accepts your kill.
Reactivating autopickup.
You feel a bit more experienced.
You hit the orc.
You feel like a meek peon again.
You feel sick.
You take 1 damage, and have 16/79 hp.
You closely miss the kobold. You closely miss the orc.
You feel sick. The orc hits you but does no damage.
You block the kobold's attack. You block the orc's attack.
The kobold hits you with a +0 dagger.
* * * LOW HITPOINT WARNING * * *
You take 4 damage, and have 12/79 hp.
MP restored: 11 You slash the kobold!
You kill the kobold!
Okawaru accepts your kill.
You closely miss the orc.
You feel sick.
The orc priest invokes the aid of Beogh against you.
Beogh smites you!
You die...

############
#..........#
#.......... #........#
##### ####........#
##).o###...........#
#))#)o#..#.........#
#..oKo##@..##.).......#
#....o###.###.........#
#..###. #.##.###..#####
#.. # #.#.###..## #.
#.####..## .
.8.......## ..
#.####....####### #.#
##..........
##.######..


You could see an orc priest and an orc.

Vanquished Creatures
  Sigmund (D:3)
  Eustachio (D:3)
  Duvessa (D:4)
  A water moccasin (D:4)
  A sky beast (D:5)
  Purgy (D:3)
  3 ogres
  2 phantoms
  A kobold brigand (D:6)
  Blork the orc (D:6)
  A gnoll sergeant (D:6)
  Dowan (D:4)
  2 scorpions
  An orc priest (D:6)
  2 hounds
  A jelly (D:4)
  A bullfrog skeleton (D:4)
  2 centaur skeletons (D:6)
  A scorpion zombie (D:5)
  An iguana (D:4)
  6 orc wizards
  A hound zombie (D:5)
  4 adders
  3 gnolls (D:3)
  An adder zombie (D:5)
  4 worms
  2 dart slugs
  10 orcs
  13 endoplasms
  3 giant cockroaches
  12 goblins
  12 hobgoblins
  6 jackals
  11 kobolds
  3 quokkas
  2 ball pythons
  6 bats
  7 frilled lizards
  3 rats
135 creatures vanquished.

Vanquished Creatures (others)
  An orc wizard (D:6)
1 creature vanquished.

Grand Total: 136 creatures vanquished

Notes
Turn   | Place    | Note
-------+----------+-------------------------------------------
     0 | D:1      | tatocazan the Minotaur Fighter began the quest for the Orb.
     0 | D:1      | Reached XP level 1. HP: 19/19 MP: 0/0
   127 | D:1      | Reached XP level 2. HP: 22/27 MP: 1/1
   304 | D:1      | Found a faded altar of an unknown god.
   823 | D:2      | Found an iron altar of Okawaru.
   834 | D:2      | Reached XP level 3. HP: 29/33 MP: 2/2
   857 | D:2      | Became a worshipper of Warmaster Okawaru
  1530 | D:2      | Reached XP level 4. HP: 40/41 MP: 3/3
  1700 | D:3      | HP: 2/41 [gnoll (10)]
  2159 | D:3      | Reached skill level 1 in Invocations
  2216 | D:3      | Noticed Purgy
  2223 | D:3      | Killed Purgy
  2224 | D:3      | Reached XP level 5. HP: 42/47 MP: 3/5
  2523 | D:3      | Noticed Sigmund
  2533 | D:3      | Killed Sigmund
  2533 | D:3      | Reached * piety under Okawaru
  2534 | D:3      | Reached skill level 5 in Fighting
  2534 | D:3      | Reached skill level 5 in Armour
  2534 | D:3      | Reached skill level 5 in Shields
  2534 | D:3      | Reached XP level 6. HP: 29/56 MP: 6/6
  3101 | D:4      | Noticed Eustachio
  3152 | D:3      | Killed Eustachio
  3153 | D:3      | Reached XP level 7. HP: 41/61 MP: 7/7
  3429 | D:4      | Reached skill level 5 in Axes
  3495 | D:4      | Reached ** piety under Okawaru
  3577 | D:4      | Noticed Duvessa
  3578 | D:4      | Noticed Dowan
  3587 | D:4      | Killed Duvessa
  3594 | D:4      | Found a shimmering blue altar of Sif Muna.
  3606 | D:4      | Killed Dowan
  3887 | D:4      | Reached XP level 8. HP: 54/70 MP: 9/9
  4203 | D:4      | Found a burning altar of Makhleb.
  4217 | D:4      | Found a bloodstained altar of Trog.
  4235 | D:4      | Found a shadowy altar of Dithmenos.
  4382 | D:5      | Entered Level 5 of the Dungeon
  4849 | D:5      | Reached *** piety under Okawaru
  5444 | D:5      | Found a shimmering altar of Xom.
  5524 | D:6      | Found a staircase to the Ecumenical Temple.
  5586 | D:6      | Found a transporter.
  5714 | D:6      | Noticed Blork the orc
  5729 | D:6      | Reached XP level 9. HP: 42/79 MP: 8/11
  5746 | D:6      | Killed Blork the orc
  5751 | D:6      | Killed from afar by an orc priest

Illustrated notes

Levels and vault maps discovered:
D:1:      dpeg_arrival_arbitrary_b, layout_basic,
          ebering_ecumenical_altar_abandoned, minmay_misc_feat_iff
D:2:      layout_loops_ring, basic_altar
D:3:      layout_loops_cross, nicolae_underground_beach, uniq_sigmund,
          uniq_purgy
D:4:      layout_cave_pools, lemuel_coloured_pillars_altar,
          minmay_overflow_temple_star_quad, grunt_decor_one_mirror,
          supply_closet_lemuel, grunt_decor_cap, uniq_duvessa, uniq_eustachio
D:5:      layout_gridville, kennysheep_mini, st_stairs_12
D:6:      gammafunk_cloud_chamber, layout_basic, temple_pool_b,
          chequers_ossuary_entry_cave, minmay_misc_feat_room, kb_rosetta,
          uniq_blork_the_orc, uniq_crazy_yiuf_cottage

Skill      XL: |  1  2  3  4  5  6  7  8 |
---------------+-------------------------+-----
Fighting       | 4 5 6 7 |  7.4
Armour         | 4 5 6 7 |  7.4
Shields        | 4 5 6 7 |  7.3
Axes           | 3 4 5 6 |  6.8
Invocations    | 1 2 3 4 |  4.8

Action                   |  1- 3 |  4- 6 |  7- 9 || total
-------------------------+-------+-------+-------++-------
Melee: War axe           |    82 |    73 |   197 ||   352
       Headbutt          |    11 |     8 |    42 ||    61
Throw: Dart              |       |     4 |       ||     4
Invok: Heroism           |       |       |     1 ||     1
  Use: Potion            |       |     1 |       ||     1
       Scroll            |       |       |     7 ||     7
Armor: Scale mail        |    24 |       |       ||    24
       Chain mail        |     6 |    15 |       ||    21
       Plate armour      |       |    41 |   134 ||   175
Dodge: Dodged            |    31 |    17 |    53 ||   101
Block: Kite shield       |    39 |    52 |   114 ||   205

Table legend: (Time is in decaauts)
 A = Elapsed time spent in this place.
 B = Non-inter-level travel time spent in this place.
 C = Inter-level travel time spent in this place.
 D = Time resting spent in this place.
 E = Time spent auto-exploring this place.
 F = Levels seen in this place.
 G = Mean time per level.
                   A        B        C        D        E       F      G
               +--------+--------+--------+--------+--------+-----+--------+
         Total |   5907 |   5835 |     72 |   1868 |   3015 |   6 |  984.5 |
       Dungeon |   5907 |   5835 |     72 |   1868 |   3015 |   6 |  984.5 |
               +--------+--------+--------+--------+--------+-----+--------+

Top non-repeatable levels by time:
     D:3: 1736 daAuts
     D:5: 1123 daAuts
     D:4: 1101 daAuts
     D:1: 839 daAuts
     D:2: 829 daAuts
     D:6: 277 daAuts
